 Dungeon Crawl Stone Soup version 0.19.0-2-gae57169 (webtiles) character file.

56 Esekla the Vexing (level 3, -1/18 HPs)
             Began as a Vine Stalker Arcane Marksman on Nov 5, 2016.
             Slain by an adder (5 damage)
             ... on level 2 of the Dungeon.
             The game lasted 00:14:33 (2066 turns).

Esekla the Vexing (Vine Stalker Arcane Marksman)    Turns: 2066, Time: 00:14:34

Health: -1/18      AC:  3    Str: 13    XL:     3   Next: 95%
Magic:  0/5        EV: 12    Int: 14    God:
Gold:   90         SH:  0    Dex: 13    Spells: 2 memorised, 1 level left

rFire  . . .     SeeInvis .     k - +0 dagger
rCold  . . .     Gourm    .     e - +0 robe
rNeg   . . .     Faith    .     (no shield)
rPois  .         Spirit   +     (no helmet)
rElec  .         Reflect  .     (no cloak)
rCorr  .         Harm     .     (no gloves)
MR     .....                    j - +0 pair of boots
Stlth  +.........               (no amulet)
                                (no ring)
                                (no ring)

@: no status effects
A: fangs 2, magic shield, antimagic bite, no device heal 3, rot immunity
a: no special abilities


You were on level 2 of the Dungeon.
You were not hungry.

You visited 1 branch of the dungeon, and saw 2 of its levels.

You collected 90 gold pieces.

Inventory:

Hand Weapons
 a - a +0 hunting sling
 k - a +0 dagger (weapon)
Missiles
 d - 46 sling bullets
 g - 65 stones (quivered)
Armour
 e - a +0 robe (worn)
 j - a +0 pair of boots (worn)
Scrolls
 h - a scroll of remove curse {unknown}
 i - a scroll of blinking {unknown}
 l - 2 scrolls of identify {unknown}
Books
 c - a book of Debilitation

   Spells                             Type                      Level
   a - Corona                         Hexes                        1
   b - Slow                           Hexes                        2
   c - Gell's Gravitas                Hexes/Translocation          3
   d - Inner Flame                    Hexes/Fire                   3
   e - Cause Fear                     Hexes                        4
   f - Leda's Liquefaction            Hexes/Earth                  4
Comestibles
 b - a meat ration
 f - 2 bread rations


   Skills:
 * Level 1.9 Fighting
 * Level 2.0 Short Blades
 - Level 1.7 Slings
 - Level 2.0 Dodging
 + Level 1.1 Spellcasting
 - Level 3.0 Hexes


You had one spell level left.
You knew the following spells:

 Your Spells              Type           Power        Failure   Level  Hunger
a - Corona                Hex            #......      10%         1    ##.....
b - Slow                  Hex            #.......     14%         2    ###....


Dungeon Overview and Level Annotations

Branches:
Dungeon (2/15)

Altars:
Gozag
Kikubaaqudgha


Innate Abilities, Weirdness & Mutations

You have extremely sharp teeth.
When hurt, damage is shared between your health and your magic reserves.
Your bite disrupts and absorbs the magic of your enemies.
Potions and wands cannot restore your health.
You are immune to rotting.


Message History

The adder is lightly wounded.
The adder bites you.
You barely miss the adder.
The adder is lightly wounded.
You feel sick. The adder barely misses you.
You closely miss the adder.
The adder is lightly wounded.
The adder closely misses you.
You hit the adder. Your bite misses the adder.
The adder is moderately wounded.
The adder closely misses you.
You miss the adder.
The adder is moderately wounded.
You feel sick. The adder bites you.
* * * LOW HITPOINT WARNING * * *
You are more poisoned.
The adder poisons you!
It was a potion of curing.
Your system rejects the healing.
You feel better. The adder bites you.
You die...

#######.#### # #.# #.# #.# ^..
##'## #.# ##...## #.# ##.....##
#.## ##.......## #..##
###.........####...####
..+.........'...@.....###########
###[........####S..####..........
##.......## #..## #..#...#... #
##(....## #.## #_.....[... #
##...## ... #..#...#... # ##'##
#)# #.......... # #.### #..
########### #######...# ### #.##
...)....#...# #...


You could see an adder.

Vanquished Creatures
  An ooze (D:2)
  A dart slug (D:2)
  5 leopard geckos (D:2)
  4 bats
  A giant cockroach (D:2)
  A goblin (D:2)
  2 hobgoblins
  10 jackals
  4 kobolds
  2 quokkas (D:2)
  3 frilled lizards (D:1)
  6 rats
40 creatures vanquished.

Notes
Turn   | Place    | Note
-------+----------+-------------------------------------------
     0 | D:1      | Esekla the Vine Stalker Arcane Marksman began the quest for the Orb.
     0 | D:1      | Reached XP level 1. HP: 9/9 MP: 3/3
    66 | D:1      | Reached skill level 1 in Fighting
   439 | D:1      | Reached XP level 2. HP: 13/14 MP: 4/4
   475 | D:1      | Learned a level 2 spell: Slow
  1059 | D:2      | Reached skill level 1 in Short Blades
  1092 | D:2      | Found an opulent altar of Gozag.
  1190 | D:2      | Reached XP level 3. HP: 15/18 MP: 3/5
  1901 | D:2      | Found an ancient bone altar of Kikubaaqudgha.
  2066 | D:2      | Slain by an adder

Skill      XL: |  1  2  3 |
---------------+----------+-----
Fighting       | 1 |  1.9
Dodging        | 2 |  2.0
Short Blades   | 1 2 |  2.0
Slings         | |  1.7
Spellcasting   | |  1.1
Hexes          | |  3.0

Action                   || total
-------------------------++-------
Melee: Unarmed           ||    18
       Bite              ||    42
       Club              ||     5
       Dagger            ||   175
 Fire: Hunting sling     ||    11
Throw: Stone             ||    30
 Cast: Slow              ||     2
  Use: Potion            ||     1
 Stab: Sleeping          ||     1
  Eat: Bread ration      ||     1
Armor: Robe              ||    40
Dodge: Dodged            ||   119
